 Dungeon Crawl Stone Soup version 0.25.1-8-g42b30a86e7 (webtiles) character file.

Game seed: 12738798442604695504

3546 Devam the Grappler (level 9, -4/68 HPs)
             Began as a Demonspawn Gladiator on Dec 21, 2020.
             Was a Follower of Cheibriados.
             Killed from afar by Erolcha (19 damage)
             ... with a stone arrow
             ... on level 9 of the Dungeon.
             The game lasted 00:43:45 (9279 turns).

Devam the Grappler (Demonspawn Gladiator)           Turns: 9279, Time: 00:43:46

Health: -4/68      AC:  9    Str: 19    XL:     9   Next: 83%
Magic:  0/12       EV: 17    Int: 15    God:    Cheibriados [*.....]
Gold:   554        SH:  0    Dex: 17    Spells: 0/9 levels left

rFire    + . .     SeeInvis .     - Unarmed
rCold    . . .     Gourm    .   (no shield)
rNeg     . . .     Faith    .   L - +1 scale mail {MR+}
rPois    .         Spirit   +   (helmet restricted)
rElec    .         Reflect  .   (no cloak)
rCorr    .         Harm     .   (no gloves)
MR       +....                  i - +0 pair of boots
Stlth    +.........             p - amulet of guardian spirit
HPRegen  0.21/turn              u - +4 ring of evasion
MPRegen  0.13/turn              c - +4 ring of slaying

@: brilliant, very slow
A: claws 2, horns 1, talons 1, fire resistance 1, nightstalker 1
a: Bend Time, Renounce Religion


You were on level 9 of the Dungeon.
You worshipped Cheibriados.
Cheibriados was aware of your devotion.
You were not hungry.

You visited 2 branches of the dungeon, and saw 10 of its levels.

You collected 554 gold pieces.

Inventory:

Hand Weapons
 a - a +0 flail
 w - a +3 morningstar of protection
Missiles
 d - 3 throwing nets
 n - 243 stones
 s - 14 boomerangs (quivered)
Armour
 i - a +0 pair of boots (worn)
 z - a +2 leather armour of cold resistance
 F - a +1 ring mail of fire resistance
 L - a +1 scale mail of magic resistance (worn)
Jewellery
 c - a +4 ring of slaying (right claw)
 p - an amulet of guardian spirit (around neck)
 u - a +4 ring of evasion (left claw)
 G - an uncursed ring of wizardry
 I - an uncursed ring of magical power
 J - an uncursed amulet of faith
Wands
 t - a wand of clouds (7)
 y - a wand of iceblast (10)
 K - a wand of flame (18)
Scrolls
 b - a scroll of fog {unknown}
 e - 3 scrolls of teleportation {unknown}
 g - a scroll of noise {unknown}
 h - a scroll of identify {@r1}
 j - 2 scrolls of enchant armour
 l - 6 scrolls of remove curse {@r2}
 o - a scroll of random uselessness {unknown}
 q - 2 scrolls of fear {unknown}
 x - 3 scrolls of amnesia
 A - 2 scrolls of enchant weapon
 C - 2 scrolls of magic mapping {unknown}
 H - a scroll of blinking {unknown}
Potions
 k - a potion of mutation
 m - 2 potions of curing {@q1}
 r - a potion of flight
 B - a potion of stabbing
 D - a potion of resistance
 E - 5 potions of brilliance
Comestibles
 f - 9 rations


   Skills:
 - Level 5.0 Fighting
 - Level 3.8 Maces & Flails
 + Level 4.6 Throwing
 + Level 4.1 Armour
 - Level 5.0 Dodging
 - Level 8.2 Unarmed Combat
 + Level 0.7 Spellcasting
 + Level 0.6 Transmutations
 + Level 0.8 Poison Magic
 - Level 5.0 Invocations


You couldn't memorise any spells.
You knew the following spells:

 Your Spells              Type           Power        Failure   Level  Hunger
a - Sticks to Snakes      Tmut           #.......     63%         2    None
b - Spider Form           Tmut/Pois      #.........   86%         3    None
c - Ice Form              Ice/Tmut       #.......     99%         4    None

Your spell library contained the following spells:

 Spells                   Type           Power        Failure   Level  Hunger
 Beastly Appendage        Tmut           #.....       50%         1    None
 Animate Skeleton         Necr           N/A          58%         1    None
 Apportation              Tloc           #.....       58%         1    None
 Corona                   Hex            #......      58%         1    None
 Summon Small Mammal      Summ           #...         58%         1    None
 Blade Hands              Tmut           #.........   100%        5    None


Dungeon Overview and Level Annotations

Branches:
Dungeon (9/15)             Temple (1/1) D:4
   Lair: D:8-11         Orc: D:9-12

Altars:
Ashenzari
Cheibriados
Dithmenos
Elyvilon
Fedhas
Gozag
Hepliaklqana
Kikubaaqudgha
Makhleb
Nemelex Xobeh
Okawaru
Qazlal
Ru
Sif Muna
Trog
Uskayaw
Vehumet
Wu Jian
Xom
Yredelemnul
Zin
The Shining One

Shops:
D:7 (

Annotations:
D:6 2 runed translucent doors, zoidberg28's ghost, amateur HOFi
D:9 Erolcha


Innate Abilities, Weirdness & Mutations

You have very sharp fingernails.
You have a pair of small horns on your head.
You have sharp toenails.
Your flesh is heat resistant. (rF+)
You are slightly more attuned to the shadows.


Message History

Your +2 morningstar of protection glows red for a moment.
Something hits you!
You feel better.
You hear some strange, mumbled words.
A stone arrow appears from out of thin air!
The stone arrow misses you.
You feel better. Something closely misses you.
You feel better. Something barely misses you.
You feel clever all of a sudden.
Okay, then.
You scratch something. Something hits you!
You claw something! Something hits you!!
You closely miss something. You claw something! You headbutt something!
Something hits you!
* * * LOW HITPOINT WARNING * * *
You scratch something. You headbutt something.
You hear some strange, mumbled words.
A stone arrow appears from out of thin air!
The stone arrow hits you!!
You die...

#.# #.# #.# #.# #.#
#.# ############
#.#####
########..........#
#.....#
#.....@{.########.#
#####.# #.########
#.# #<# #.# #.# #.#
#.# #.# #.# #.# #.#
#.# #.# #.# #.# #.#
#{# #.# #.# #.#
#.###.#


There were no monsters in sight!

Vanquished Creatures
  An unseen horror (D:8)
  Pikel (D:7)
  A kobold demonologist (D:8)
  A hungry ghost (D:7)
  2 ice beasts (D:8)
  A slave (D:7)
  2 orc warriors
  2 black bears
  An ogre (D:7)
  A centaur (D:8)
  A bullfrog (D:8)
  4 scorpions
  A vampire bat (D:3)
  5 howler monkeys
  A crimson imp (D:8)
  2 bullfrog zombies
  A centaur zombie (D:7)
  2 jellies
  2 hounds
  3 orc priests
  An iguana (D:8)
  5 orc wizards
  4 worker ants
  A hound zombie (D:6)
  A worker ant zombie (D:8)
  7 gnolls
  7 adders
  2 shadow imps
  3 worms
  2 dart slugs (D:1)
  3 fire bats (D:3)
  8 leopard geckos
  22 orcs
  2 spectral bats (D:3)
  A bat simulacrum (D:3)
  3 bat skeletons (D:3)
  A bat zombie (D:3)
  2 giant cockroaches
  8 hobgoblins
  17 jackals
  2 quokkas
  A ball python (D:2)
  18 bats
  5 frilled lizards
  13 goblins
  10 kobolds
  A leopard gecko skeleton (D:6)
  2 quokka skeletons
  5 rats
192 creatures vanquished.

Notes
Turn   | Place    | Note
-------+----------+-------------------------------------------
     0 | D:1      | Devam the Demonspawn Gladiator began the quest for the Orb.
     0 | D:1      | Reached XP level 1. HP: 16/16 MP: 1/1
   293 | D:1      | Gained mutation: Your flesh is heat resistant. (rF+)
                  | [demonic ancestry]
   293 | D:1      | Reached XP level 2. HP: 13/22 MP: 2/2
  1037 | D:1      | Gained mutation: You have sharp fingernails. [demonic
                  | ancestry]
  1037 | D:1      | Reached XP level 3. HP: 27/27 MP: 3/3
  1532 | D:1      | Reached skill level 1 in Unarmed Combat
  2513 | D:2      | Found a hide-covered altar of Uskayaw.
  2737 | D:2      | Gained mutation: You have sharp toenails. [demonic
                  | ancestry]
  2737 | D:2      | Reached XP level 4. HP: 33/33 MP: 4/4
  2740 | D:2      | Reached skill level 2 in Unarmed Combat
  3269 | D:3      | Reached skill level 3 in Unarmed Combat
  3565 | D:3      | Gained mutation: You have very sharp fingernails. [demonic
                  | ancestry]
  3565 | D:3      | Reached XP level 5. HP: 38/38 MP: 5/5
  3738 | D:3      | Reached skill level 4 in Unarmed Combat
  3794 | D:3      | Gained mutation: You are slightly more attuned to the
                  | shadows. [demonic ancestry]
  3794 | D:3      | Reached XP level 6. HP: 44/44 MP: 6/6
  4205 | D:3      | Reached skill level 5 in Unarmed Combat
  4415 | D:4      | Found a staircase to the Ecumenical Temple.
  4423 | Temple   | Entered the Ecumenical Temple
  4759 | Temple   | Became a worshipper of Cheibriados the Contemplative
  5191 | D:5      | Entered Level 5 of the Dungeon
  5475 | D:5      | Found a white marble altar of Elyvilon.
  5475 | D:5      | Found a bloodstained altar of Trog.
  5494 | D:5      | Found a shimmering blue altar of Sif Muna.
  5550 | D:5      | Reached skill level 6 in Unarmed Combat
  5682 | D:5      | Gained mutation: You have a pair of small horns on your
                  | head. [demonic ancestry]
  5682 | D:5      | Reached XP level 7. HP: 46/50 MP: 5/7
  6366 | D:6      | Reached skill level 7 in Unarmed Combat
  6389 | D:6      | Reached * piety under Cheibriados
  6413 | D:6      | Found a runed translucent door.
  6417 | D:6      | Noticed zoidberg28's ghost (amateur HOFi)
  6535 | D:6      | Found a runed translucent door.
  6872 | D:7      | Noticed a hungry ghost
  6907 | D:7      | Killed a hungry ghost
  6907 | D:7      | Reached skill level 8 in Unarmed Combat
  6907 | D:7      | Reached XP level 8. HP: 56/56 MP: 8/8
  6950 | D:7      | Found Litalael's Antique Weapon Boutique.
  7088 | D:7      | Found a blossoming altar of Fedhas.
  7506 | D:7      | Noticed Pikel
  7543 | D:7      | Killed Pikel
  7543 | D:7      | Reached skill level 5 in Fighting
  7548 | D:7      | Reached skill level 5 in Dodging
  7619 | D:8      | Reached skill level 1 in Armour
  7650 | D:8      | Reached XP level 9. HP: 67/68 MP: 9/9
  7674 | D:8      | Noticed a kobold demonologist
  7732 | D:7      | Reached ** piety under Cheibriados
  7732 | D:7      | Reached skill level 1 in Invocations
  8114 | D:8      | Killed a kobold demonologist
  8533 | D:8      | Learned a level 2 spell: Sticks to Snakes
  8537 | D:8      | Learned a level 3 spell: Spider Form
  8672 | D:8      | Killed an unseen horror
  8672 | D:8      | Reached skill level 5 in Invocations
  9225 | D:9      | Learned a level 4 spell: Ice Form
  9255 | D:9      | Noticed Erolcha
  9279 | D:9      | Killed from afar by Erolcha

Illustrated notes

Levels and vault maps discovered:
D:1:      minmay_arrival_doors, layout_basic
D:2:      layout_rooms, eat_drink_and_be_merry_uskayaw
D:3:      layout_rooms, first_ration, goddamned_bats
D:4:      layout_rooms, minmay_temple_entry_statues_fountains
D:5:      layout_basic, grunt_temple_overflow_open
D:6:      layout_loops_ring, ebering_ghost_sewer_f
D:7:      layout_cave_pools, serial_shops, nicolae_shop_overgrown_old_shop,
          fedhas_altar_4, uniq_pikel
D:8:      layout_loops_ring, serial_rivers, chequers_serial_rivers_small_3,
          chequers_serial_rivers_small_3, chequers_serial_rivers_room_a,
          chequers_serial_rivers_room_a
D:9:      wander_river, layout_loops_ring, gammafunk_ghost_necromancy,
          uniq_erolcha
Temple:   dpeg_five_rooms_temple

Skill      XL: |  1  2  3  4  5  6  7  8  9 |
---------------+----------------------------+-----
Maces & Flails | 3 |  3.8
Unarmed Combat | 1 3 4 6 8 |  8.2
Fighting       | 5 |  5.0
Dodging        | 5 |  5.0
Armour         | 1 4 |  4.1
Throwing       | 4 |  4.6
Invocations    | 5 |  5.0
Spellcasting   | |  0.7
Transmutations | |  0.6
Poison Magic   | |  0.8

Action                   |  1- 3 |  4- 6 |  7- 9 || total
-------------------------+-------+-------+-------++-------
Melee: Flail             |   137 |    80 |       ||   217
       Unarmed           |    27 |   203 |   190 ||   420
       Punch             |       |     3 |     4 ||     7
       Headbutt          |       |       |    49 ||    49
Throw: Boomerang         |       |     7 |    28 ||    35
Evoke: Wand              |       |       |     1 ||     1
  Use: Scroll            |       |     9 |     2 ||    11
       Potion            |       |       |     7 ||     7
 Stab: Sleeping          |     2 |     3 |     3 ||     8
       Distracted        |       |       |     1 ||     1
  Eat: Chunk             |     6 |     6 |     8 ||    20
       Ration            |       |     1 |       ||     1
Armor: Leather armour    |    64 |    35 |    20 ||   119
       Ring mail         |       |    57 |    16 ||    73
       Scale mail        |       |       |     3 ||     3
Dodge: Dodged            |   111 |   234 |   160 ||   505
